 Dungeon Crawl Stone Soup version 0.25.1-1-g288607f5aa (webtiles) character file.

Game seed: 6999141900502646093

640 Asdor the Poker (level 7, -6/55 HPs)
             Began as a Demonspawn Abyssal Knight on July 24, 2020.
             Was a Believer of Lugonu.
             Mangled by Pikel
             ... wielding a +0 whip of electrocution
              (19 damage)
             ... on level 4 of the Dungeon.
             The game lasted 00:14:37 (4882 turns).

Asdor the Poker (Demonspawn Abyssal Knight)         Turns: 4882, Time: 00:14:38

Health: -6/55      AC:  5    Str: 12    XL:     7   Next: 26%
Magic:  8/8        EV: 13    Int: 14    God:    Lugonu [**....]
Gold:   187        SH:  0    Dex: 14    Spells: 6/6 levels left

rFire    . . .     SeeInvis .   a - +2 spear
rCold    + . .     Gourm    .   (no shield)
rNeg     . . .     Faith    .   b - +2 leather armour {rC+}
rPois    .         Spirit   .   (no helmet)
rElec    .         Reflect  .   (no cloak)
rCorr    .         Harm     .   (no gloves)
MR       .....                  (no boots)
Stlth    +.........             (no amulet)
HPRegen  0.18/turn              (no ring)
MPRegen  0.11/turn              (no ring)

@: about to teleport
A: talons 2, powered by death 1, sturdy frame 2
a: Depart the Abyss, Bend Space, Renounce Religion


You were on level 4 of the Dungeon.
You worshipped Lugonu.
Lugonu was pleased with you.
You were not hungry.

You visited 1 branch of the dungeon, and saw 5 of its levels.
You visited the Abyss 1 time.

You collected 187 gold pieces.

Inventory:

Hand Weapons
 a - a +2 spear (weapon)
Armour
 b - a +2 leather armour of cold resistance (worn)
 g - a +0 ring mail
 i - a +0 kite shield
Wands
 h - a wand of flame (12)
Scrolls
 e - 3 scrolls of amnesia
 f - 2 scrolls of teleportation
Potions
 d - 2 potions of curing
Comestibles
 c - 6 rations


   Skills:
 + Level 4.6 Fighting
 * Level 4.9 Polearms
 + Level 3.5 Armour
 + Level 3.2 Dodging
 - Level 2.4 Invocations


You had 6 spell levels left.
You didn't know any spells.
Your spell library was empty.

Dungeon Overview and Level Annotations

Branches:
Dungeon (5/15)
 Temple: D:4-7

Altars:
Hepliaklqana
Okawaru
Qazlal
Yredelemnul

Annotations:
D:3 3 runed translucent doors, qipq's ghost, weakling TrWz
D:4 Pikel


Innate Abilities, Weirdness & Mutations

You have razor-sharp toenails.
You regenerate a little health from kills.
Your movements are less encumbered by armour. (ER -4)


Message History

Pikel barely misses you.
You miss Pikel.
Pikel is lightly wounded.
Pikel zaps a wand.
The puff of flame hits you!
You closely miss Pikel. Your kick misses Pikel.
Pikel is lightly wounded.
Pikel misses you.
Okay, then.
Aiming: Throw Flame
Press: ? - help, Shift-Dir - straight line, f - Pikel
Aim: Pikel, wielding a +0 whip of electrocution, wearing a +0 robe and carrying a wand of flame (19) (lightly wounded)
The puff of flame hits Pikel.
Pikel is lightly wounded.
Pikel closely misses you.
As you read the scroll of teleportation, it crumbles to dust.
You feel strangely unstable.
Pikel hits you with a +0 whip of electrocution!
* * * LOW HITPOINT WARNING * * *
You are electrocuted!!
You die...

.#....##### ### .......##.#
########.## ....##.#..###
##.##......#
...(#..รท....#####.........[#
.#.....##....##...#####.#..#
.#.....#......#......#....##
.............###..........#
.....##.......##K.......### ##
................@...#...## #.
........#...........#....# ###.
........#...........#....#####...
.##.....#.#......##..<....##.....
##................##<.....#......
#...........................##(..
.............................#...
####..................#..##..#...
####...........###........##.....


You could see Pikel.

Vanquished Creatures
  A phantom (D:5)
  An ogre (D:4)
  A bullfrog (D:3)
  2 scorpions
  A crimson imp (D:5)
  2 iguanas (D:4)
  Jessica (D:3)
  Ijyb (D:5)
  2 worker ants (D:4)
  A hound skeleton (D:5)
  5 adders
  A shadow imp (D:3)
  3 worms
  A dart slug (D:2)
  3 leopard geckos
  2 orcs (D:4)
  3 bats
  3 giant cockroaches
  4 goblins
  6 hobgoblins
  3 jackals (D:3)
  11 kobolds
  A quokka (D:5)
  4 frilled lizards
  5 rats
68 creatures vanquished.

Notes
Turn   | Place    | Note
-------+----------+-------------------------------------------
     0 | Abyss:1  | Asdor the Demonspawn Abyssal Knight began the quest for the
                  | Orb.
     0 | Abyss:1  | Reached XP level 1. HP: 18/18 MP: 2/2
    77 | Abyss:1  | Noticed an eidolon
    91 | D:1      | Escaped the Abyss
   438 | D:1      | Reached skill level 1 in Dodging
   468 | D:1      | Gained mutation: You regenerate a little health from kills.
                  | [demonic ancestry]
   468 | D:1      | Reached XP level 2. HP: 24/24 MP: 3/3
   557 | D:1      | Reached * piety under Lugonu
   864 | D:2      | Found a stormy altar of Qazlal.
   872 | D:2      | Found a basalt altar of Yredelemnul.
  1060 | D:2      | Gained mutation: Your movements are slightly less
                  | encumbered by armour. (ER -2) [demonic ancestry]
  1060 | D:2      | Reached XP level 3. HP: 29/29 MP: 4/4
  1702 | D:3      | Noticed Jessica
  1704 | D:3      | Noticed a bullfrog
  1723 | D:3      | HP: 1/29 [bullfrog (3)]
  1731 | D:3      | Killed a bullfrog
  1731 | D:3      | Gained mutation: Your movements are less encumbered by
                  | armour. (ER -4) [demonic ancestry]
  1731 | D:3      | Reached XP level 4. HP: 14/36 MP: 5/5
  1757 | D:3      | Killed Jessica
  1757 | D:3      | Gained mutation: You have sharp toenails. [demonic
                  | ancestry]
  1757 | D:3      | Reached XP level 5. HP: 19/42 MP: 6/6
  1992 | D:3      | Found a runed translucent gate.
  1992 | D:3      | Found a runed translucent gate.
  2000 | D:3      | Noticed qipq's ghost (weakling TrWz)
  2068 | D:3      | Found a runed translucent gate.
  2127 | D:3      | Reached ** piety under Lugonu
  2243 | D:3      | Found a hazy altar of Hepliaklqana.
  2888 | D:4      | Reached XP level 6. HP: 21/48 MP: 7/7
  3323 | D:4      | Found an iron altar of Okawaru.
  4156 | D:5      | Entered Level 5 of the Dungeon
  4192 | D:5      | Gained mutation: You have razor-sharp toenails. [demonic
                  | ancestry]
  4192 | D:5      | Reached XP level 7. HP: 53/55 MP: 8/8
  4199 | D:5      | Noticed Ijyb
  4530 | D:5      | Killed Ijyb
  4817 | D:5      | Noticed Pikel
  4882 | D:4      | Mangled by Pikel

Illustrated notes

Levels and vault maps discovered:
D:1:      saegor_arrival_simple_a, layout_basic, st_stairs_8,
          minmay_misc_feat_iff
D:2:      cheibrodos_old_hovel, layout_basic, grunt_qazlal_clouds,
          nicolae_overflow_hidden_temple, yredelemnul_altar_generic
D:3:      layout_rooms, lemuel_coloured_pillars_altar, first_ration,
          gammafunk_ghost_split, uniq_jessica
D:4:      layout_cave_pools, okawaru_metal_pillars_1_2, minmay_joined_circles
D:5:      layout_basic, marbit_many_paths, basic_altar, uniq_pikel, uniq_ijyb,
          uniq_eustachio

Skill      XL: |  1  2  3  4  5  6 |
---------------+-------------------+-----
Dodging        | 1 2 3 |  3.2
Polearms       | 2 3 4 |  4.9
Armour         | 2 3 |  3.5
Fighting       | 4 |  4.6
Invocations    | |  2.4

Action                   |  1- 3 |  4- 6 |  7- 9 || total
-------------------------+-------+-------+-------++-------
Melee: Spear             |   165 |   151 |    70 ||   386
       Kick              |       |    34 |    15 ||    49
Invok: Depart the Abyss  |     1 |       |       ||     1
Evoke: Wand              |       |       |     1 ||     1
  Use: Potion            |     4 |     3 |     1 ||     8
       Scroll            |     6 |     2 |     3 ||    11
  Eat: Chunk             |     3 |       |       ||     3
       Ration            |     1 |     1 |     1 ||     3
Armor: Leather armour    |    24 |     6 |     5 ||    35
       Skin              |       |     9 |       ||     9
       Ring mail         |       |     4 |     3 ||     7
Dodge: Dodged            |    87 |    67 |    24 ||   178
